 Dungeon Crawl Stone Soup version 0.18.1-5-g4a78601 (webtiles) character file.

5719 shmeve the Fighter (level 10, -10/94 HPs)
             Began as a Minotaur Berserker on May 10, 2016.
             Was an Elder of Trog.
             Killed by divine providence
             ... invoked by an orc priest
              (16 damage)
             ... on level 9 of the Dungeon on May 11, 2016.
             The game lasted 00:19:40 (6859 turns).

shmeve the Fighter (Minotaur Berserker)             Turns: 6859, Time: 00:19:41

Health: -10/94     AC: 18    Str: 24    XL:     10   Next: 48%
Magic:  9/9        EV:  9    Int:  5    God:    Trog [****..]
Gold:   497        SH:  0    Dex: 10    Spells: 0 memorised, 9 levels left

rFire  . . .     SeeInvis +     L - +0 battleaxe (chop)
rCold  . . .     Gourm    .     t - +0 plate armour
rNeg   . . .     Faith    .     (shield currently unavailable)
rPois  .         Spirit   .     (helmet restricted)
rElec  .         Dismiss  .     d - +0 cloak
rCorr  .         Reflect  .     (no gloves)
SustAt .         Harm     .     (no boots)
MR     ++...                    (no amulet)
Stlth  ..........               n - +4 ring of protection
                                b - ring of see invisible

@: lethally poisoned (-10 -> -11), exhausted, regenerating, slowed, very slow,
very resistant to hostile enchantments, extremely unstealthy
A: retaliatory headbutt, horns 2
a: Berserk, Trog's Hand, Brothers in Arms, Burn Spellbooks, Renounce Religion


You were on level 9 of the Dungeon.
You worshipped Trog.
Trog was greatly pleased with you.
You were very hungry.

You visited 1 branch of the dungeon, and saw 9 of its levels.
You also visited: Sewer and Ossuary.

You collected 497 gold pieces.

Inventory:

Hand Weapons
 w - a +0 hand axe of freezing
 L - a +0 battleaxe of chopping (weapon)
Missiles
 C - 4 javelins (quivered)
Armour
 d - a +0 cloak (worn)
 t - a +0 plate armour (worn)
Jewellery
 b - a ring of see invisible (left hand)
 n - a +4 ring of protection (right hand)
 H - an uncursed ring of ice {unknown}
Scrolls
 e - 14 scrolls of identify {unknown}
 f - 3 scrolls of enchant weapon {unknown}
 h - 3 scrolls of random uselessness {unknown}
 i - a scroll of noise {unknown}
 l - a scroll of recharging {unknown}
 p - 5 scrolls of teleportation {unknown}
 q - 2 scrolls of magic mapping {unknown}
 s - 5 scrolls of remove curse {unknown}
 y - a scroll of brand weapon {unknown}
 B - 2 scrolls of fog {unknown}
 I - a scroll of immolation {unknown}
 K - a scroll of holy word {unknown}
Potions
 a - a potion of ambrosia {unknown}
 g - a potion of invisibility {unknown}
 j - 3 potions of curing {unknown}
 k - a potion of brilliance {unknown}
 o - 5 potions of lignification {unknown}
 r - a potion of cancellation {unknown}
 u - 2 potions of mutation {unknown}
 v - 3 potions of resistance {unknown}
 x - 3 potions of heal wounds {unknown}
 z - 6 potions of might {unknown}
 D - 3 potions of haste {unknown}
 E - a potion of flight {unknown}
 F - a potion of agility {unknown}
 G - a potion of berserk rage {unknown}
Comestibles
 c - 7 bread rations
 m - 3 meat rations
 A - a beef jerky
 J - 2 slices of pizza


   Skills:
 * Level 10.8 Fighting
 * Level 10.3 Axes
 + Level 5.7 Throwing
 + Level 7.6 Armour
 + Level 7.1 Dodging


You had 9 spell levels left.
You didn't know any spells.

Dungeon Overview and Level Annotations

Branches:
Dungeon (9/15)             Temple (0/1) D:6
   Lair: D:8-11         Orc: D:9-12

Altars:
Cheibriados
Dithmenos
Kikubaaqudgha
Makhleb
Trog
Yredelemnul
Zin


Innate Abilities, Weirdness & Mutations

You reflexively headbutt those who attack you in melee.
You have a pair of horns on your head.


Message History

The orc warrior hits your ogre with a flail!
The two-headed ogre hits your ogre with a giant club!
Your ogre dies!
Your ogre's corpse disappears in a puff of smoke!
A big kobold comes into view.
You feel sick.
The jackal bites you but does no damage.
Your two-headed ogre goes berserk!
You feel somewhat more hungry.
You feel sick.
The jackal bites you but does no damage. x2
An orc comes into view.
You swap places.
You feel sick.
The jackal barely misses your two-headed ogre.
Your two-headed ogre barely misses the jackal.
Your two-headed ogre hits the jackal with a giant spiked club!!
The jackal dies!
Trog accepts your kill.
The orc priest mumbles some strange prayers to Beogh against you.
Beogh smites you!
You die...

#.......#...###..#
#.......##...##./.
###.#######..##.#. ##.#
#...##.#. #..#
##.#..#.#. ##.##
#..#...).. #<.#
#.#...)... ##.##
#......... #.@#
##........ #O##
#..)..... #†#
######....)..
######o##............#..
#...hOgg......########..
#.....5oO....>. ..#
.....§K...K.... ...
............... ...
........o...... ####


You could see a two-headed ogre, an orc warrior, a big kobold, a gnoll sergeant,
an orc priest, a crimson imp and a friendly two-headed ogre (berserk).

Vanquished Creatures
  Grinder (D:3)
  5 yaks (D:9)
  A hippogriff (D:8)
  The ghost of Snarg the Skirmisher, an amateur DsWn of Ru (Sewer)
  An ice beast (D:8)
  2 orc warriors
  2 necrophages (D:7)
  4 ogres
  A sky beast (D:5)
  2 phantoms
  4 centaurs
  2 elf zombies (D:7)
  8 big kobolds
  5 giant frogs
  6 wights
  5 killer bees (D:9)
  A troll skeleton (D:7)
  6 howler monkeys
  A centaur zombie (D:8)
  A wasp zombie (D:6)
  2 human zombies (D:7)
  2 crimson imps
  A jelly (D:5)
  A quasit (D:7)
  2 giant frog skeletons
  An orc priest (D:4)
  5 hounds
  4 orc wizards
  Ijyb (D:2)
  4 iguanas
  8 worker ants
  A worker ant zombie (D:7)
  8 mummies
  3 river rats (Sewer)
  13 adders
  4 shadow imps
  4 oozes
  3 adder zombies
  2 adder skeletons
  2 worms
  A dart slug (D:1)
  11 giant geckos
  25 orcs
  2 ball pythons (Sewer)
  15 giant cockroaches
  7 goblins
  8 hobgoblins
  13 jackals
  6 quokkas
  4 bats
  3 giant gecko zombies (D:6)
  3 giant newts
  A gnoll zombie (Ossuary)
  2 goblin zombies (Ossuary)
  A hobgoblin zombie (Ossuary)
  A jackal zombie (Ossuary)
  18 kobolds
  2 kobold zombies (Ossuary)
  An orc skeleton (D:7)
  2 orc zombies (Ossuary)
  14 rats
  A rat zombie (Ossuary)
  A bush (D:4)
  2 plants (D:4)
274 creatures vanquished.

Vanquished Creatures (collateral kills)
  An ogre (D:9)
  A jackal (D:9)
2 creatures vanquished.

Grand Total: 276 creatures vanquished

Notes
Turn   | Place    | Note
--------------------------------------------------------------
     0 | D:1      | shmeve the Minotaur Berserker began the quest for the Orb.
     0 | D:1      | Reached XP level 1. HP: 19/19 MP: 0/0
    98 | D:1      | Reached XP level 2. HP: 20/27 MP: 1/1
   471 | D:1      | Reached ** piety under Trog
   502 | D:1      | Reached skill level 1 in Throwing
   502 | D:1      | Reached XP level 3. HP: 17/33 MP: 2/2
   817 | D:2      | Noticed Ijyb
   832 | D:2      | Killed Ijyb
   832 | D:2      | Reached XP level 4. HP: 15/41 MP: 3/3
  1073 | D:2      | Found a burning altar of Makhleb.
  1079 | D:2      | Found a glowing silver altar of Zin.
  1079 | D:2      | Noticed an angel
  1080 | D:2      | Noticed a green death
  1593 | D:3      | Reached *** piety under Trog
  1623 | D:3      | Noticed Grinder
  1644 | D:3      | Killed Grinder
  1644 | D:3      | Reached skill level 5 in Fighting
  1644 | D:3      | Reached skill level 5 in Axes
  1644 | D:3      | Reached XP level 5. HP: 34/49 MP: 4/4
  1644 | D:3      | Reached XP level 6. HP: 38/56 MP: 5/5
  1740 | D:3      | Found a bloodstained altar of Trog.
  2232 | D:4      | Found a snail-covered altar of Cheibriados.
  2239 | D:4      | Reached XP level 7. HP: 63/63 MP: 6/6
  2650 | D:4      | Reached **** piety under Trog
  3128 | D:5      | Entered Level 5 of the Dungeon
  3429 | D:5      | Found an ancient bone altar of Kikubaaqudgha.
  3477 | D:5      | Reached XP level 8. HP: 71/73 MP: 7/7
  3824 | D:6      | Found a staircase to the Ecumenical Temple.
  4013 | D:6      | Found a glowing drain.
  4041 | Sewer    | Entered a sewer
  4103 | Sewer    | Noticed Snarg's ghost (amateur DsWn)
  4108 | Sewer    | Killed Snarg's ghost
  4108 | Sewer    | Reached skill level 5 in Armour
  4108 | Sewer    | Reached skill level 5 in Dodging
  4194 | Sewer    | Received a gift from Trog
  4284 | Sewer    | Reached ***** piety under Trog
  4782 | D:6      | Reached XP level 9. HP: 67/82 MP: 8/8
  4836 | D:6      | Received a gift from Trog
  5307 | D:7      | Found a sand-covered staircase.
  5314 | Ossuary  | Entered an ossuary
  5744 | D:7      | Found a basalt altar of Yredelemnul.
  6099 | D:8      | Found a shadowy altar of Dithmenos.
  6126 | D:8      | Reached skill level 5 in Throwing
  6303 | D:8      | Reached skill level 10 in Fighting
  6352 | D:8      | Reached XP level 10. HP: 80/93 MP: 3/9
  6497 | D:9      | Reached skill level 10 in Axes
  6850 | D:9      | Received a gift from Trog
  6855 | D:9      | HP: 4/94 [orc warrior/flail (7)]
  6859 | D:9      | Killed from afar by an orc priest

Skill      XL: |  1  2  3  4  5  6  7  8  9 10 |
---------------+-------------------------------+-----
Fighting       | 4 5 6 7 8 10 | 10.8
Throwing       | 1 2 3 4 5 |  5.7
Armour         | 3 4 5 6 7 |  7.6
Axes           | 4 5 6 8 9 10 | 10.3
Dodging        | 3 4 5 6 7 |  7.1

Action                   |  1- 3 |  4- 6 |  7- 9 | 10-12 || total
-------------------------+-------+-------+-------+-------++-------
Melee: Hand axe          |    75 |    90 |   420 |       ||   585
       Headbutt          |    12 |    22 |    97 |     9 ||   140
       Battleaxe         |       |       |   136 |    52 ||   188
Throw: Tomahawk          |       |       |     3 |       ||     3
       Javelin           |       |       |     1 |       ||     1
Invok: Berserk           |     1 |       |     2 |     2 ||     5
       Trog's Hand       |       |     2 |       |     1 ||     3
       Burn Spellbooks   |       |       |     1 |       ||     1
       Brothers in Arms  |       |       |       |     2 ||     2
 Stab: Sleeping          |     3 |       |       |       ||     3
  Eat: Chunk             |       |     6 |    16 |     3 ||    25
Armor: Animal skin       |     8 |       |       |       ||     8
       Swamp dragon hide |     5 |    31 |       |       ||    36
       Plate armour      |       |    22 |   375 |    48 ||   445
Dodge: Dodged            |    39 |    64 |   244 |    62 ||   409
